 Dungeon Crawl Stone Soup version 0.19.5 (webtiles) character file.

851 greprep the Magician (level 7, -6/36 HPs)
             Began as a Deep Elf Conjurer on May 6, 2017.
             Was an Initiate of Vehumet.
             Mangled by an orc warrior
             ... wielding a +0 dire flail
              (21 damage)
             ... on level 6 of the Dungeon.
             The game lasted 00:17:32 (4878 turns).

greprep the Magician (Deep Elf Conjurer)            Turns: 4878, Time: 00:17:32

Health: -6/36      AC:  4    Str:  5    XL:     7   Next: 69%
Magic:  7/20       EV: 14    Int: 22    God:    Vehumet [......]
Gold:   293        SH:  0    Dex: 15    Spells: 3 memorised, 14 levels left

rFire  + . .     SeeInvis .     A - +1 falchion (holy)
rCold  x . .     Gourm    .     a - +0 robe
rNeg   . . .     Faith    .     (no shield)
rPois  +         Spirit   .     p - +0 helmet
rElec  .         Reflect  .     l - +0 cloak
rCorr  .         Harm     .     (no gloves)
MR     .....                    (no boots)
Stlth  +++.......               (no amulet)
                                r - ring of fire
                                e - ring of poison resistance

@: no status effects
A: no striking features
a: Renounce Religion


You were on level 6 of the Dungeon.
You worshipped Vehumet.
Vehumet was noncommittal.
You were not hungry.

You visited 2 branches of the dungeon, and saw 8 of its levels.

You collected 293 gold pieces.

Inventory:

Hand Weapons
 A - a +1 falchion of holy wrath (weapon)
Armour
 a - a +0 robe (worn)
 l - a +0 cloak (worn)
 p - a +0 helmet (worn)
Jewellery
 e - a ring of poison resistance (left hand)
 r - a ring of fire (right hand)
 v - an uncursed ring of magical power {unknown}
Wands
 m - a wand of teleportation (5/9)
 x - a wand of slowing (8/48)
Scrolls
 d - 5 scrolls of remove curse
 f - 2 scrolls of fog
 k - a scroll of recharging {unknown}
 q - a scroll of amnesia {unknown}
 s - a scroll of random uselessness {unknown}
 t - a scroll of blinking {unknown}
 u - 5 scrolls of magic mapping
 y - a scroll of teleportation {unknown}
 C - a scroll of enchant weapon {unknown}
Potions
 h - 2 potions of haste {unknown}
 i - a potion of flight {unknown}
 j - 3 potions of curing
 o - a potion of lignification {unknown}
 w - a potion of mutation {unknown}
 z - 2 potions of heal wounds
 B - a potion of ambrosia {unknown}
 D - 2 potions of agility {unknown}
Books
 b - a book of Conjurations

   Spells                             Type                      Level
   a - Magic Dart                     Conjuration                  1
   b - Searing Ray                    Conjuration                  2
   c - Dazzling Spray                 Conjuration/Hexes            3
   d - Fulminant Prism                Conjuration/Hexes            4
   e - Iskenderun's Mystic Blast      Conjuration                  4
   f - Iskenderun's Battlesphere      Conjuration/Charms           5
Comestibles
 c - 4 bread rations
 g - 3 meat rations
 n - 4 fruits


   Skills:
 + Level 0.2 Fighting
 + Level 0.3 Long Blades
 + Level 3.9 Dodging
 + Level 4.3 Stealth
 + Level 7.8 Spellcasting
 + Level 7.3 Conjurations


You had 14 spell levels left.
You knew the following spells:

 Your Spells              Type           Power        Failure   Level  Hunger
a - Magic Dart            Conj           ####         1%          1    None
b - Searing Ray           Conj           #####.       1%          2    None
c - Fulminant Prism       Conj/Hex       ###.......   17%         4    ###....


Dungeon Overview and Level Annotations

Branches:
Dungeon (7/15)             Temple (1/1) D:4

Altars:
Ashenzari
Cheibriados
Dithmenos
Elyvilon
Fedhas
Gozag
Hepliaklqana
Kikubaaqudgha
Makhleb
Okawaru
Qazlal
Ru
Sif Muna
Trog
Uskayaw
Vehumet
Xom
Zin
The Shining One


Message History

An orc comes into view. It is wielding a hand axe.
The searing ray hits the orc warrior.
The orc warrior is moderately wounded.
You finish channeling your searing ray.
Casting: Searing Ray
Confirm with . or Enter, or press ? or * to list all spells.
Aiming: Searing Ray
Press: ? - help, Shift-Dir - straight line, p - orc warrior The searing ray misses the orc warrior. (Press . to maintain the ray.)
The orc shouts!
The orc warrior barely misses you.
The searing ray hits the orc warrior.
The orc warrior is severely wounded.
The orc warrior hits you with a dire flail!
The searing ray hits the orc warrior.
The orc warrior is almost dead.
The orc warrior hits you with a dire flail!!
Ouch! That really hurt!
You die...

.##........##
#.......##...... .##........#
#.......##..#... .##........#
#.......##..#...
.##........###
#.......##..#...
.##..........
#.#.........+...
...........##
#.#.#########[.. ...........#
#.#.# #...
...........#######.#.# #
............o.)o@..#.# #.# #
.....###..##########.# #.# #
[.........# #.......# #.####
....(.....# #.########.#
#.##.. ..........# #.# #.#
#.##.. ..........## #.# #.#
#.##.. #####.......##.# #.#
#.##..
+..........########.####.##..
.....................#.....


You could see an orc warrior and an orc.

Vanquished Creatures
  Sigmund (D:6)
  A phantom (D:6)
  A crimson imp (D:6)
  A bullfrog zombie (D:5)
  A hound (D:4)
  An orc priest (D:6)
  A bullfrog skeleton (D:6)
  Jessica (D:2)
  An iguana (D:5)
  Natasha (D:2)
  5 orc wizards
  A worker ant (D:5)
  8 gnolls
  2 adders
  A howler monkey skeleton (D:4)
  An ooze (D:2)
  An adder skeleton (D:5)
  A dart slug (D:1)
  2 worms
  4 leopard geckos
  14 orcs
  A ball python (D:1)
  4 giant cockroaches
  16 goblins
  6 hobgoblins
  5 jackals
  5 kobolds
  3 quokkas
  5 bats
  5 frilled lizards
  6 rats
106 creatures vanquished.

Vanquished Creatures (others)
  A quokka (D:3)
1 creature vanquished.

Grand Total: 107 creatures vanquished

Notes
Turn   | Place    | Note
-------+----------+-------------------------------------------
     0 | D:1      | greprep the Deep Elf Conjurer began the quest for the Orb.
     0 | D:1      | Reached XP level 1. HP: 10/10 MP: 6/6
   162 | D:1      | Reached XP level 2. HP: 15/15 MP: 2/8
   166 | D:1      | Learned a level 2 spell: Searing Ray
   308 | D:1      | Reached skill level 5 in Conjurations
   748 | D:2      | Reached XP level 3. HP: 19/19 MP: 7/9
  1106 | D:2      | Noticed Natasha
  1119 | D:2      | Killed Natasha
  1119 | D:2      | Reached XP level 4. HP: 17/24 MP: 4/12
  1293 | D:2      | Noticed Jessica
  1296 | D:2      | Killed Jessica
  1438 | D:3      | Found a white marble altar of Elyvilon.
  1618 | D:3      | Reached XP level 5. HP: 25/28 MP: 5/13
  1939 | D:3      | Found a shimmering altar of Xom.
  2383 | D:4      | Found an ancient bone altar of Kikubaaqudgha.
  2386 | D:4      | Found a snail-covered altar of Cheibriados.
  2389 | D:4      | Found a hide-covered altar of Uskayaw.
  2413 | D:4      | Found a burning altar of Makhleb.
  2417 | D:4      | Reached skill level 5 in Spellcasting
  2460 | D:4      | You fall through a shaft for 3 floors!
  2567 | D:6      | Noticed a phantom
  2655 | D:6      | Killed a phantom
  2655 | D:6      | Reached XP level 6. HP: 25/32 MP: 0/16
  3100 | D:5      | Entered Level 5 of the Dungeon
  3141 | D:4      | Found a staircase to the Ecumenical Temple.
  3170 | Temple   | Entered the Ecumenical Temple
  3183 | Temple   | Became a worshipper of Vehumet
  3738 | D:5      | Reached XP level 7. HP: 30/36 MP: 10/19
  3972 | D:5      | Found a blossoming altar of Fedhas.
  3990 | D:5      | Found an iron altar of Okawaru.
  4018 | D:5      | Found an iron altar of Okawaru.
  4431 | D:5      | Learned a level 4 spell: Fulminant Prism
  4834 | D:6      | Noticed Sigmund
  4874 | D:6      | Killed Sigmund
  4878 | D:6      | Mangled by an orc warrior

Skill      XL: |  1  2  3  4  5  6  7 |
---------------+----------------------+-----
Conjurations   | 5 6 7 |  7.3
Stealth        | 3 4 |  4.3
Spellcasting   | 4 5 6 7 |  7.8
Dodging        | 3 |  3.9
Fighting       | |  0.2
Long Blades    | |  0.3

Action                   |  1- 3 |  4- 6 |  7- 9 || total
-------------------------+-------+-------+-------++-------
 Cast: Magic Dart        |    77 |    72 |    24 ||   173
       Searing Ray       |       |    21 |     7 ||    28
  Use: Scroll            |     3 |     3 |       ||     6
       Potion            |       |     1 |     1 ||     2
  Eat: Pizza             |       |     1 |       ||     1
       Meat ration       |       |     1 |     1 ||     2
       Beef jerky        |       |       |     1 ||     1
Armor: Robe              |       |     3 |     4 ||     7
Dodge: Dodged            |     4 |    18 |    21 ||    43
       Rpst.: Falchion   |       |     1 |     1 ||     2
